 Dungeon Crawl Stone Soup version 0.24-a0-244-ga6a6ab7d13 (webtiles) character file.

Game seed: 15108581852453634545

627905 MrRokkomies the Crack Shot (level 26, -18/239 HPs)
             Began as a Centaur Hunter on Apr 9, 2019.
             Was the Champion of Okawaru.
             Demolished by a purple draconian monk (32 damage)
             ... on level 2 of the Realm of Zot on Apr 10, 2019.
             The game lasted 04:01:00 (69099 turns).

MrRokkomies the Crack Shot (Centaur Hunter)        Turns: 69099, Time: 04:01:00

Health: -18/239    AC: 40    Str: 22    XL:     26   Next: 70%
Magic:  18/33      EV: 14    Int: 13    God:    Okawaru [******]
Gold:   7074       SH:  0    Dex: 21    Spells: 8/25 levels left

rFire    + + .     SeeInvis +   b - +9 lajatang (elec)
rCold    + . .     Gourm    .   (shield currently unavailable)
rNeg     + . .     Faith    +   o - +8 chain mail of Ameiff {Regen+ Int+2 Slay+2}
rPois    .         Spirit   .   W - +0 helmet "Reeluwuq" {+Fly rC+}
rElec    +         Reflect  .   P - +2 cloak {MR+}
rCorr    .         Harm     .   u - +0 pair of fencer's gloves {Riposte Dex+3}
MR       +++..     Rnd*Rage +   g - +4 centaur barding {Fly}
Stlth    ..........             x - amulet of Xitsawui {Faith rElec rF+ Dex+2}
HPRegen  0.89/turn              M - ring "Ajephat" {rElec rN+ Str+3 Dex-3 SInv}
MPRegen  0.23/turn              m - ring "Sez Zap" {Wiz rF+ MR+}

@: flying, very quick
A: large, hooves 3, berserk 1, deformed body, speed 2, mutation resistance 1,
screaming 1, strong 1, tough skin 3, subdued magic 1, MP-powered wands
}: 4/15 runes: decaying, slimy, silver, gossamer
a: Heroism, Finesse, Renounce Religion, Stop Flying


You were on level 2 of the Realm of Zot.
You worshipped Okawaru.
Okawaru was exalted by your worship.
You were not hungry.

You visited 12 branches of the dungeon, and saw 55 of its levels.
You visited 1 bazaar.
You also visited: Ossuary and Gauntlet.

You collected 10124 gold pieces.
You spent 3050 gold pieces at shops.

Inventory:

Hand Weapons
 a - a +7 longbow of freezing
 b - a +9 lajatang of electrocution (weapon)
 N - the +6 longbow of Excruciating Pain {speed, rElec Dex+2}
   (Okawaru gifted it to you on level 3 of the Spider Nest)

   Attacks with this weapon are significantly faster.
   It affects your dexterity (+2).
   It insulates you from electricity.
Missiles
 d - 846 arrows
 e - 8 throwing nets (quivered)
Armour
 g - a +4 centaur barding of flying (worn)
 o - the +8 chain mail of Ameiff (worn) {Regen+ Int+2 Slay+2}
   (You found it on level 4 of the Dungeon)

   It affects your intelligence (+2).
   It affects your accuracy and damage with ranged weapons and melee attacks
   (+2).
   It increases your rate of regeneration.
 u - the +0 pair of fencer's gloves (worn) {Riposte Dex+3}
   (You acquired it on level 2 of the Depths)

   It affects your dexterity (+3).
 P - a +2 cloak of magic resistance (worn)
 W - the +0 helmet "Reeluwuq" (worn) {+Fly rC+}
   (Okawaru gifted it to you on level 5 of the Lair of Beasts)

   It protects you from cold.
   It lets you fly.
Jewellery
 m - the ring "Sez Zap" (right hand) {Wiz rF+ MR+}
   (You found it on level 3 of the Elven Halls)

   [ring of wizardry]

   It improves your spell success rate.
   It protects you from fire.
   It affects your resistance to hostile enchantments.
 x - the amulet of Xitsawui (around neck) {Faith rElec rF+ Dex+2}
   (You found it on level 5 of the Dungeon)

   [amulet of faith]

   It allows you to gain divine favour quickly.
   It affects your dexterity (+2).
   It protects you from fire.
   It insulates you from electricity.
 F - the ring "Ocvaussi" {rCorr Str+4 Int-3 Dex+6}
   (You bought it in a shop on level 2 of the Orcish Mines)

   [ring of resist corrosion]

   It affects your strength (+4).
   It affects your intelligence (-3).
   It affects your dexterity (+6).
 M - the ring "Ajephat" (left hand) {rElec rN+ Str+3 Dex-3 SInv}
   (You found it on level 3 of the Elven Halls)

   [ring of see invisible]

   It affects your strength (+3).
   It affects your dexterity (-3).
   It insulates you from electricity.
   It protects you from negative energy.
   It lets you see invisible.
 O - the ring "Zoal" {rPois MR+ Dex+3}
   (You took it off a minotaur in a Gauntlet)

   [ring of dexterity]

   It affects your dexterity (+3).
   It protects you from poison.
   It affects your resistance to hostile enchantments.
 Q - the ring of Robustness {AC+8}
   (You found it on level 5 of the Vaults)

   [ring of protection]

   It affects your AC (+8).
 Z - the ring "Soampud" {Int+7 Slay+3}
   (You bought it in a shop on level 2 of the Orcish Mines)

   [ring of slaying]

   It affects your intelligence (+7).
   It affects your accuracy and damage with ranged weapons and melee attacks
   (+3).
Wands
 k - a wand of enslavement (11)
 l - a wand of digging (26)
 r - a wand of paralysis (40)
 w - a wand of scattershot (6)
 G - a wand of iceblast (28)
 K - a wand of acid (39)
Scrolls
 h - 32 scrolls of remove curse
 s - a scroll of enchant armour
 v - 6 scrolls of fog
 y - 25 scrolls of identify
 C - 5 scrolls of blinking
 E - 7 scrolls of immolation
 H - 7 scrolls of fear
 I - 4 scrolls of holy word
 J - 15 scrolls of teleportation
 R - 6 scrolls of magic mapping
 S - 6 scrolls of brand weapon
 U - 2 scrolls of silence
Potions
 c - 7 potions of agility
 j - 3 potions of cancellation
 n - 3 potions of berserk rage
 p - 17 potions of curing
 q - 7 potions of haste
 t - 17 potions of might
 A - 2 potions of heal wounds
 B - 5 potions of invisibility
 D - 5 potions of resistance
Miscellaneous
 z - a fan of gales
 L - a lightning rod (4/4)
 T - a lamp of fire
 V - 2 phantom mirrors
 Y - a phial of floods
Comestibles
 f - 92 rations


   Skills:
 - Level 20.0 Fighting
 - Level 14.0 Staves
 - Level 25.7 Bows
 - Level 17.6 Armour
 - Level 15.0 Dodging
 - Level 0.4 Stealth
 - Level 8.3 Hexes
 * Level 10.8 Summonings
 - Level 8.3 Translocations
 - Level 8.0 Invocations
 * Level 14.3 Evocations


You had 8 spell levels left.
You knew the following spells:

 Your Spells              Type           Power        Failure   Level  Hunger
a - Portal Projectile     Hex/Tloc       ###...       4%          3    ####...
b - Blink                 Tloc           N/A          1%          2    ###....
c - Summon Butterflies    Summ           ###.....     1%          1    ##.....
d - Summon Mana Viper     Hex/Summ       ###.....     24%         5    ######.
e - Shadow Creatures      Summ           N/A          58%         6    #######

Your spell library contained the following spells:

 Spells                   Type           Power        Failure   Level  Hunger
 Apportation              Tloc           ###...       1%          1    ##.....
 Corona                   Hex            ###....      1%          1    ##.....
 Call Imp                 Summ           ###.....     1%          2    ###....
 Slow                     Hex            ###.....     1%          2    ###....
 Recall                   Summ/Tloc      N/A          2%          3    ####...
 Summon Guardian Golem    Hex/Summ       ###.....     2%          3    ####...
 Gell's Gravitas          Tloc           ###.......   4%          3    ####...
 Lesser Beckoning         Tloc           ###.......   4%          3    ####...
 Teleport Other           Tloc           ###.....     4%          3    ####...
 Tukima's Dance           Hex            ###.....     4%          3    ####...
 Shroud of Golubria       Chrm/Tloc      #.........   12%         2    ###....
 Cause Fear               Hex            ###.......   14%         4    #####..
 Aura of Abjuration       Summ           ###.......   14%         5    ######.
 Summon Demon             Summ           ###.......   14%         5    ######.
 Dazzling Spray           Conj/Hex       #.....       24%         3    ####...
 Inner Flame              Hex/Fire       #.......     24%         3    ####...
 Spectral Weapon          Hex/Chrm       #.......     24%         3    ####...
 Summon Forest            Summ/Tloc      ###.......   24%         5    ######.
 Beastly Appendage        Tmut           #.....       38%         1    ##.....
 Flame Tongue             Conj/Fire      #....        38%         1    ##.....
 Freeze                   Ice            #...         38%         1    ##.....
 Infusion                 Chrm           #...         38%         1    ##.....
 Magic Dart               Conj           #...         38%         1    ##.....
 Sandblast                Erth           #.....       38%         1    ##.....
 Shock                    Conj/Air       #...         38%         1    ##.....
 Sting                    Conj/Pois      #...         38%         1    ##.....
 Summon Ice Beast         Ice/Summ       ##......     43%         4    #####..
 Summon Lightning Spire   Summ/Air       ##......     43%         4    #####..
 Corpse Rot               Necr           N/A          52%         2    ###....
 Passwall                 Tmut/Erth      #.......     52%         2    ###....
 Poisonous Vapours        Pois/Air       #.....       52%         2    ###....
 Searing Ray              Conj           #.....       52%         2    ###....
 Song of Slaying          Chrm           #.......     52%         2    ###....
 Sublimation of Blood     Necr           #.........   52%         2    ###....
 Swiftness                Chrm/Air       #.......     52%         2    ###....
 Throw Flame              Conj/Fire      #.....       52%         2    ###....
 Throw Frost              Conj/Ice       #.....       52%         2    ###....
 Force Lance              Conj/Tloc      #.......     61%         4    #####..
 Leda's Liquefaction      Hex/Erth       #.........   61%         4    #####..
 Conjure Flame            Conj/Fire      #.......     77%         3    ####...
 Ignite Poison            Fire/Tmut/Pois #.......     77%         3    ####...
 Mephitic Cloud           Conj/Pois/Air  #.......     77%         3    ####...
 Ozocubu's Armour         Chrm/Ice       #.......     77%         3    ####...
 Regeneration             Chrm/Necr      #.........   77%         3    ####...
 Static Discharge         Conj/Air       #.......     77%         3    ####...
 Stone Arrow              Conj/Erth      #.....       77%         3    ####...
 Silence                  Hex/Air        #.........   90%         5    ######.
 Yara's Violent Unravell  Hex/Tmut       #.........   90%         5    ######.
 Dispersal                Tloc           ###.......   90%         6    #######
 Invisibility             Hex            ###.....     90%         6    #######
 Airstrike                Air            #.........   98%         4    #####..
 Animate Dead             Necr           N/A          98%         4    #####..
 Ice Form                 Ice/Tmut       #.......     98%         4    #####..
 Olgreb's Toxic Radiance  Pois           #.......     98%         4    #####..
 Petrify                  Tmut/Erth      #.......     98%         4    #####..
 Throw Icicle             Conj/Ice       #.......     98%         4    #####..
 Summon Hydra             Summ           ###.......   98%         7    #######
 Agony                    Necr           #.......     100%        5    ######.
 Alistair's Intoxication  Tmut/Pois      #.......     100%        5    ######.
 Blade Hands              Tmut           #.........   100%        5    ######.
 Bolt of Draining         Conj/Necr      #.........   100%        5    ######.
 Bolt of Magma            Conj/Fire/Erth #.........   100%        5    ######.
 Borgnjor's Vile Clutch   Necr/Erth      #.........   100%        5    ######.
 Dispel Undead            Necr           #.......     100%        5    ######.
 Excruciating Wounds      Chrm/Necr      #.........   100%        5    ######.
 Fireball                 Conj/Fire      #.........   100%        5    ######.
 Iskenderun's Battlesphe  Conj/Chrm      #.......     100%        5    ######.
 Lee's Rapid Deconstruct  Erth           #.........   100%        5    ######.
 Lightning Bolt           Conj/Air       #.........   100%        5    ######.
 Venom Bolt               Conj/Pois      #.........   100%        5    ######.
 Bolt of Fire             Conj/Fire      #.........   100%        6    #######
 Conjure Ball Lightning   Conj/Air       #.........   100%        6    #######
 Death Channel            Necr           #.........   100%        6    #######
 Deflect Missiles         Chrm/Air       #.........   100%        6    #######
 Freezing Cloud           Conj/Ice/Air   #.........   100%        6    #######
 Hydra Form               Tmut           #.........   100%        6    #######
 Iron Shot                Conj/Erth      #.........   100%        6    #######
 Simulacrum               Ice/Necr       #.........   100%        6    #######
 Orb of Destruction       Conj           #.........   100%        7    #######
 Ring of Flames           Chrm/Fire      #.........   100%        7    #######
 Spellforged Servitor     Conj/Summ      ##........   100%        7    #######
 Controlled Blink         Tloc           N/A          100%        8    #######
 Discord                  Hex            ###.......   100%        8    #######
 Disjunction              Tloc           ###.......   100%        8    #######
 Ignition                 Fire           #.........   100%        8    #######
 Tornado                  Air            #.........   100%        9    #######


Dungeon Overview and Level Annotations

Branches:
Dungeon (15/15)            Temple (1/1) D:4            Lair (6/6) D:8
  Swamp (4/4) Lair:2       Spider (4/4) Lair:2        Slime (5/5) Lair:6
    Orc (2/2) D:9             Elf (3/3) Orc:2        Vaults (5/5) D:14
  Crypt (3/3) Vaults:3       Tomb (0/3) Crypt:3      Depths (5/5) D:15
    Zot (2/5) Depths:5

Altars:
Ashenzari
Cheibriados
Dithmenos
Elyvilon
Fedhas
Gozag
Hepliaklqana
Kikubaaqudgha
Makhleb
Nemelex Xobeh
Okawaru
Qazlal
Ru
Sif Muna
Trog
Uskayaw
Vehumet
Wu Jian
Xom
Yredelemnul
Zin
The Shining One
Jiyva

Shops:
D:7 ([%*   D:9 (   D:15 :*:   Orc:2 (*[=   Elf:2 (   Vaults:2 }   Vaults:3 ([
Depths:2 [   Depths:4 }

Portals:
Hell: Depths:1 Depths:2 Depths:3 Depths:4 Depths:5
Abyss: Depths:4
Pandemonium: Depths:2 Depths:3
Ziggurat: Depths:4

Annotations:
Swamp:4 Roxanne
Elf:2 3 runed translucent doors
Vaults:1 2 runed translucent doors, loom's ghost, adept GnSk; yrara's ghost, adept DsFi
Crypt:2 3 runed translucent doors, Juse Muoturu's ghost, veteran MiBe
Depths:3 1 runed translucent door


Innate Abilities, Weirdness & Mutations

You have hooves in place of feet.
Armour fits poorly on your strangely shaped body.
You cover ground very quickly.
You have extremely tough skin. (AC +3)
You tend to lose your temper in combat.
You are somewhat resistant to further mutation.
You occasionally shout uncontrollably at your foes.
Your muscles are strong. (Str +2)
Your spells are a little easier to cast, but a little less powerful.
You expend magic power (3 MP) to strengthen your wands.


Message History

The moth of wrath seems to be corroded for longer.
The moth of wrath is almost dead.
The purple draconian monk is no longer covered in acid.
Evoke which item? (* to show all) (? for menu, Esc to quit)
Aiming: Corrosive Bolt
Press: ? - help, Shift-Dir - straight line, f/p - black draconian knight
Aim: a black draconian knight, wielding a +0 battleaxe and wearing a +0 cloak (fast, slightly transparent, covered in an icy film)
You feel a surge of power!
The bolt of acid misses the purple draconian monk.
The bolt of acid hits the quicksilver dragon!!
The quicksilver dragon is splashed with acid.
The acid corrodes the quicksilver dragon!
The quicksilver dragon is moderately wounded.
The bolt of acid hits the moth of wrath!!!
The moth of wrath is splashed with acid.
The moth of wrath seems to be corroded for longer.
You kill the moth of wrath!
Okawaru accepts your kill. The purple draconian monk hits you!!
You die...

##### # ##.q.##########
# ##..#.D.#:...†.#
#########q.####q@.##')'#
..#......§## #####..((.#
....####### ...(.....#
...## #...(.......# #.##
#..y(.........# ###
#.....###.....# .#
.....# #..... .# .#


You could see a purple draconian monk (berserk), a black draconian knight
(invisible) and a quicksilver dragon.

Vanquished Creatures
  the Royal Jelly (Slime:5)
  Dissolution (Slime:2)
  An orb of fire (Zot:2)
  Mara (Vaults:2)
  Mennas (Vaults:3)
  A juggernaut (Depths:4)
  2 ancient liches
  Bai Suzhen (Spider:3)
  Margery (Depths:4)
  Saint Roka (Crypt:2)
  A curse toe (Zot:2)
  Xtahua (Depths:3)
  A caustic shrike (Depths:2)
  6 golden dragons
  Nikola (Spider:4)
  A pearl dragon (Depths:2)
  An electric golem (Zot:1)
  Arachne (Spider:4)
  2 bone dragons
  The ghost of Viusuagh the Fencer, an adept MiSk of Cheibriados (Vaults:4)
  13 tentacled monstrosities
  Asterion (Spider:3)
  5 liches
  2 deep elf blademasters (Elf:3)
  22 acid blobs
  5 quicksilver dragons
  2 titans (Vaults:5)
  2 deep elf master archers (Elf:3)
  4 death cobs
  3 ancient champions (Crypt:2)
  10 storm dragons
  5 sphinxes
  7 tengu reavers
  4 thorn hunters
  5 shadow dragons
  Donald (Spider:3)
  2 draconian scorchers (Zot:2)
  13 vault wardens
  9 frost giants
  6 fire giants
  A ghost moth (Spider:4)
  11 azure jellies
  5 deep elf sorcerers (Elf:3)
  3 draconian knights (Zot:2)
  A balrug (Depths:2)
  An orc warlord (Orc:1)
  3 iron dragons
  4 curse skulls
  Aizul (Vaults:3)
  6 draconian shifters
  Louise (Spider:3)
  7 deep elf elementalists
  An ophan (Depths:2)
  A draconian stormcaller (Depths:5)
  14 very ugly things
  7 emperor scorpions
  15 ironheart preservers
  A reaper (Crypt:2)
  7 ghouls
  26 stone giants
  5 war gargoyles
  A juggernaut skeleton (Crypt:1)
  6 entropy weavers
  4 black draconians
  87 slime creatures
  4 vampire knights
  8 deep elf annihilators
  Nessos (D:12)
  9 deep elf demonologists
  An apis (Depths:2)
  6 purple draconians
  9 red draconians
  A minotaur (Gauntlet)
  7 white draconians
  9 spark wasps
  5 yellow draconians
  3 crystal guardians (Crypt:3)
  4 eidola
  7 deep elf death magi
  8 death oozes
  17 ettins
  13 fire dragons
  Harold (D:8)
  8 ogre magi
  8 jiangshi
  7 deep elf high priests
  15 great orbs of eyes
  30 vault guards
  A quicksilver dragon skeleton (Crypt:3)
  7 rakshasas
  Erolcha (D:13)
  16 yaktaur captains
  13 hydras
  3 spriggan air magi
  4 ghost crabs
  13 ice dragons
  A shambling mangrove (Swamp:3)
  2 catoblepae
  12 centaur warriors
  6 tengu warriors
  2 small abominations (Elf:3)
  2 death knights
  24 two-headed ogres
  7 death scarabs (Spider:4)
  5 alligators
  8 vampire magi
  12 death yaks
  17 dancing weapons
  6 deep troll shamans
  17 deep troll earth magi
  Urug (D:11)
  2 sun demons (Depths:2)
  15 deep elf knights
  4 orc high priests
  Sonja (Lair:3)
  10 hell knights
  5 spriggan berserkers
  3 spriggans
  2 soul eaters (Crypt:2)
  A titan skeleton (Crypt:3)
  2 storm dragon skeletons (Crypt:3)
  A spectral emperor scorpion (Spider:4)
  30 skeletal warriors
  The ghost of whodunnit the Destroyer, a novice DgCj (D:8)
  A golden dragon zombie (Crypt:3)
  33 deep trolls
  A spriggan druid (Swamp:4)
  A death drake (Swamp:2)
  5 unseen horrors
  An orange crystal statue (Elf:2)
  3 flayed ghosts
  4 spectral hydras
  19 deep elf archers
  6 glowing orange brains
  9 harpies
  A harpy (shapeshifter) (D:13)
  4 swamp dragons
  5 wizards
  13 ironbrand convokers
  2 spectral wolf spiders (Spider:4)
  11 phantasmal warriors
  10 necromancers
  A fire giant zombie (Crypt:2)
  2 wolf spider zombies
  20 wolf spiders
  4 cyclopes
  4 oklob plants (Lair:4)
  66 deep elf magi
  A wolf spider (shapeshifter) (D:13)
  2 iron dragon zombies
  31 ugly things
  2 manticores
  15 orc knights
  7 shining eyes
  4 orc sorcerers
  12 orb spiders
  A frost giant skeleton (Crypt:2)
  12 elephants (Lair:6)
  Maurice (D:13)
  23 moths of wrath
  17 spiny frogs
  11 vault sentinels
  4 black mambas
  A black mamba (shapeshifter) (Vaults:3)
  A stone giant skeleton (Crypt:3)
  An eye of devastation (Slime:3)
  A torpor snail (Spider:1)
  2 gargoyles
  A hellion (Depths:1)
  An ice statue (D:12)
  A spiny frog (shapeshifter) (Elf:3)
  A kobold demonologist (D:13)
  8 freezing wraiths
  An emperor scorpion zombie (Crypt:3)
  A spectral redback (Spider:4)
  4 rime drakes
  A yellow draconian zombie (Crypt:2)
  An eye of devastation (shapeshifter) (D:15)
  7 demonic crawlers
  4 komodo dragons
  34 yaktaurs
  A purple draconian zombie (Crypt:2)
  11 swamp worm zombies
  A redback zombie (Spider:4)
  A grey draconian skeleton (Crypt:2)
  A hellwing (Depths:1)
  4 tengu conjurers
  A white draconian skeleton (Crypt:2)
  A meliai (shapeshifter) (D:15)
  A red devil (Depths:1)
  6 trolls
  6 meliai
  4 hydra zombies (Swamp:4)
  10 tyrant leeches
  A jumping spider (shapeshifter) (Depths:5)
  A polar bear (Lair:5)
  A wind drake (shapeshifter) (Vaults:1)
  32 jumping spiders
  2 queen bees
  2 trolls (shapeshifter)
  6 blink frogs
  A guardian serpent zombie (Crypt:2)
  A spectral jumping spider (Spider:4)
  2 spectral tarantellas (Spider:4)
  A wolf spider simulacrum (Gauntlet)
  5 spectral swamp dragons
  3 alligator zombies (Swamp:4)
  A tarantella zombie (Spider:4)
  2 blink frogs (shapeshifter)
  25 hornets
  16 bog bodies
  A jumping spider zombie (Spider:4)
  An ice dragon zombie (Crypt:1)
  A meliai zombie (D:13)
  A snapping turtle (shapeshifter) (Vaults:2)
  2 ettin zombies (Crypt:3)
  A slime creature (shapeshifter) (Vaults:5)
  A hippogriff (shapeshifter) (Vaults:3)
  3 centaur simulacra (Gauntlet)
  40 flying skulls
  10 hippogriffs
  36 tarantellas
  61 redbacks
  3 air elementals
  2 wyverns
  An alligator skeleton (Crypt:1)
  An ettin skeleton (Crypt:2)
  12 water elementals
  A black mamba skeleton (Crypt:1)
  5 shadows
  8 wraiths
  2 tyrant leech zombies (Swamp:2)
  54 yaks
  2 vampires
  3 fire elementals
  A human (shapeshifter) (Vaults:1)
  Grum (D:9)
  13 golden eyes
  3 hungry ghosts (D:13)
  A golden eye (shapeshifter) (Vaults:4)
  3 steam dragons
  11 vampire mosquitoes
  6 basilisks
  6 wargs
  16 swamp worms
  3 insubstantial wisps (Swamp:4)
  A merfolk zombie (Crypt:3)
  5 acid dragons
  5 spiny frog zombies (Swamp:2)
  11 water moccasins
  2 floating eyes (shapeshifter)
  11 porcupines
  2 large abominations (Swamp:2)
  A black bear (D:10)
  14 swamp drakes
  4 sky beasts
  6 eyes of draining
  4 hornet zombies
  42 orc warriors
  3 swamp dragon zombies (Swamp:4)
  3 ice beasts
  2 ice dragon simulacra
  A black bear (shapeshifter) (Vaults:2)
  7 necrophages
  7 phantoms
  7 wolves
  4 boggarts (Vaults:2)
  A manticore skeleton (Crypt:1)
  A blink frog skeleton (Crypt:1)
  21 centaurs
  34 ogres
  12 crocodiles
  5 big kobolds
  18 bullfrogs
  4 gnoll sergeants (D:9)
  2 earth elementals
  A hippogriff skeleton (Crypt:1)
  5 scorpions
  2 troll zombies (Swamp:2)
  2 water moccasin skeletons
  15 wights
  2 spriggan zombies (Swamp:2)
  47 killer bees
  A human simulacrum (Vaults:2)
  7 electric eels
  3 howler monkeys
  11 crimson imps
  2 bullfrog zombies
  6 centaur zombies
  12 hounds
  3 jellies
  3 gnoll shamans
  5 bullfrog skeletons
  20 orc priests
  26 orc wizards
  6 centaur skeletons
  An iguana (D:7)
  9 worker ants
  3 spectral swamp drakes (Swamp:4)
  A porcupine skeleton (Crypt:1)
  A sky beast zombie (Crypt:1)
  A tengu zombie (Crypt:1)
  A hound zombie (Crypt:2)
  A hound skeleton (D:10)
  2 mummies (Ossuary)
  A worker ant zombie (D:5)
  Robin (D:2)
  32 gnolls
  6 adders
  2 swamp drake zombies (Swamp:4)
  5 shadow imps
  An ooze (D:4)
  An adder zombie (Ossuary)
  A worm (D:2)
  An adder skeleton (D:8)
  A barachi skeleton (Crypt:2)
  4 dart slugs
  An adder simulacrum (D:8)
  4 leopard geckos
  104 orcs
  A ball python (D:2)
  5 giant cockroaches
  39 goblins
  30 hobgoblins
  19 jackals
  6 quokkas
  6 bats
  6 frilled lizards
  A frilled lizard zombie (Crypt:1)
  4 goblin zombies
  11 hobgoblin zombies (Ossuary)
  22 kobolds
  A kobold skeleton (Crypt:1)
  9 kobold zombies (Ossuary)
  A leopard gecko skeleton (D:7)
  8 orc zombies (Ossuary)
  15 rats
  2 rat zombies (Ossuary)
  A withered plant (Swamp:2)
2502 creatures vanquished.

Vanquished Creatures (collateral kills)
  Jorgrun (D:13)
  A death scarab (Spider:4)
  A moth of wrath (Zot:2)
  A redback zombie (Spider:4)
  A spectral redback (Spider:4)
  A jumping spider zombie (Spider:4)
6 creatures vanquished.

Vanquished Creatures (others)
  A frost giant (Depths:2)
  An entropy weaver (Spider:4)
  An ice dragon (Depths:1)
  An unseen horror (D:12)
  A jumping spider (Spider:1)
  A redback (Spider:4)
  2 insubstantial wisps (Swamp:4)
  An orc warrior (Vaults:3)
  An ogre (Orc:2)
  An orc wizard (D:5)
  19 fungi
  10 plants
40 creatures vanquished.

Grand Total: 2548 creatures vanquished

Notes
Turn   | Place    | Note
-------+----------+-------------------------------------------
     0 | D:1      | MrRokkomies the Centaur Hunter began the quest for the Orb.
     0 | D:1      | Reached XP level 1. HP: 17/17 MP: 1/1
   350 | D:1      | Reached XP level 2. HP: 19/25 MP: 2/2
   753 | D:1      | Reached skill level 6 in Bows
   786 | D:1      | Reached XP level 3. HP: 26/30 MP: 3/3
  1044 | D:2      | Reached XP level 4. HP: 5/38 MP: 4/4
  1069 | D:2      | Noticed Robin
  1073 | D:2      | Killed Robin
  1082 | D:2      | HP: 1/39 [goblin/+0 club[Robin] (4)]
  1627 | D:2      | Reached skill level 7 in Bows
  1685 | D:2      | Reached XP level 5. HP: 45/46 MP: 5/5
  1709 | D:2      | Found a basalt altar of Yredelemnul.
  3285 | D:3      | Reached XP level 6. HP: 53/53 MP: 6/6
  3314 | D:3      | Reached skill level 5 in Fighting
  3314 | D:3      | Reached skill level 8 in Bows
  3895 | D:4      | Got a heavily runed chain mail
  3908 | D:4      | Identified the +8 chain mail of Ameiff {Regen+ Int+2
                  | Slay+2} (You found it on level 4 of the Dungeon)
  3949 | D:4      | Reached XP level 7. HP: 61/61 MP: 7/7
  3983 | D:4      | Reached skill level 9 in Bows
  3983 | D:4      | Reached skill level 1 in Armour
  4223 | D:4      | Found a staircase to the Ecumenical Temple.
  4232 | Temple   | Entered the Ecumenical Temple
  4422 | Temple   | Became a worshipper of Warmaster Okawaru
  4899 | D:5      | Entered Level 5 of the Dungeon
  5461 | D:5      | Reached skill level 10 in Bows
  5525 | D:5      | Reached * piety under Okawaru
  5525 | D:5      | Reached XP level 8. HP: 69/69 MP: 8/8
  5555 | D:5      | Found a hazy altar of Hepliaklqana.
  5555 | D:5      | Found a radiant altar of Vehumet.
  5560 | D:5      | Found a blossoming altar of Fedhas.
  5562 | D:5      | Found a shimmering altar of Xom.
  5563 | D:5      | Found a basalt altar of Yredelemnul.
  5791 | D:5      | Got a faintly glowing platinum amulet
  5809 | D:5      | Identified the amulet of Xitsawui {Faith rElec rF+ Dex+2}
                  | (You found it on level 5 of the Dungeon)
  5900 | D:6      | Found a hide-covered altar of Uskayaw.
  5947 | D:6      | Found a shadowy altar of Dithmenos.
  5966 | D:6      | Reached ** piety under Okawaru
  5982 | D:6      | Reached skill level 11 in Bows
  6156 | D:6      | Found a sand-covered staircase.
  6165 | Ossuary  | Entered an ossuary
  6551 | D:6      | Found a shimmering altar of Xom.
  6596 | D:6      | Reached XP level 9. HP: 72/73 MP: 9/9
  6608 | D:6      | Reached *** piety under Okawaru
  6719 | D:6      | Reached skill level 12 in Bows
  7043 | D:7      | Reached skill level 5 in Armour
  7075 | D:7      | Found a glowing golden altar of the Shining One.
  7109 | D:7      | Found Vasao's Food Shop.
  7152 | D:7      | Noticed a two-headed ogre
  7168 | D:7      | Killed a two-headed ogre
  7353 | D:7      | Found Vathraom's Weapon Emporium.
  7361 | D:7      | Bought a +0 lajatang for 180 gold pieces
  7377 | D:7      | Found an ornate altar of the Wu Jian Council.
  7390 | D:7      | Found Necwued's Armour Shoppe.
  7464 | D:7      | Found Wuing's General Store.
  7469 | D:7      | Reached skill level 13 in Bows
  7478 | D:7      | Bought a scroll of fear for 45 gold pieces
  7478 | D:7      | Bought a scroll of blinking for 97 gold pieces
  7504 | D:7      | Found a burning altar of Makhleb.
  7563 | D:8      | Found a runed translucent gate.
  7563 | D:8      | Found a runed translucent gate.
  7563 | D:8      | Found a runed translucent gate.
  7563 | D:8      | Noticed whodunnit's ghost (novice DgCj)
  7589 | D:8      | Reached **** piety under Okawaru
  7615 | D:8      | Found a staircase to the Lair.
  7631 | D:8      | Received a gift from Okawaru
  7992 | D:8      | Reached XP level 10. HP: 50/80 MP: 10/10
  8133 | D:8      | Noticed a two-headed ogre
  8167 | D:8      | Killed a two-headed ogre
  8167 | D:8      | Received a gift from Okawaru
  8167 | D:8      | Reached skill level 14 in Bows
  8235 | D:8      | Noticed a two-headed ogre
  8279 | D:8      | Killed a two-headed ogre
  8279 | D:8      | Reached ***** piety under Okawaru
  8395 | D:8      | Noticed Harold
  8412 | D:8      | Killed Harold
  8412 | D:8      | Received a gift from Okawaru
  8692 | D:8      | Received a gift from Okawaru
  8769 | Lair:1   | Entered Level 1 of the Lair of Beasts
  8814 | Lair:1   | Identified a scroll of acquirement
  8925 | Lair:1   | Found a deep blue altar of Sif Muna.
  8945 | Lair:1   | Reached skill level 1 in Staves
  9030 | Lair:1   | Received a gift from Okawaru
  9159 | Lair:1   | Reached XP level 11. HP: 87/87 MP: 11/11
  9190 | Lair:1   | Reached skill level 1 in Invocations
  9289 | Lair:1   | Received a gift from Okawaru
  9290 | Lair:1   | Got a transparent longbow {god gift}
  9291 | Lair:1   | Identified the +8 longbow of Precise Incision {speed, rElec
                  | rF- Dex-5 Stlth+} (Okawaru gifted it to you on level 1 of
                  | the Lair of Beasts)
  9892 | Lair:2   | Found a staircase to the Swamp.
 10051 | Lair:2   | Noticed a four-headed hydra
 10058 | Lair:2   | Killed a four-headed hydra
 10089 | Lair:2   | Reached ****** piety under Okawaru
 10111 | Lair:2   | Received a gift from Okawaru
 10213 | Lair:2   | Reached skill level 5 in Staves
 10363 | Lair:2   | Reached skill level 5 in Invocations
 10497 | Lair:2   | Found a hole to the Spider Nest.
 11105 | Lair:3   | Found a gate leading to a gauntlet.
 11115 | Gauntlet | Entered a Gauntlet
 11115 | Gauntlet | Found a transporter.
 11115 | Gauntlet | Noticed a green ugly thing
 11115 | Gauntlet | Noticed a green ugly thing
 11120 | Gauntlet | Noticed a glowing orange brain
 11124 | Gauntlet | Found a transporter.
 11124 | Gauntlet | Noticed a dire elephant
 11125 | Gauntlet | Found a runed translucent door.
 11140 | Gauntlet | Found a transporter.
 11144 | Gauntlet | Found a transporter.
 11165 | Gauntlet | Found a transporter.
 11165 | Gauntlet | Noticed an obsidian statue
 11178 | Gauntlet | Found a transporter.
 11178 | Gauntlet | Found a runed translucent gate.
 11178 | Gauntlet | Found a runed translucent gate.
 11179 | Gauntlet | Found a runed translucent gate.
 11188 | Gauntlet | Found a transporter.
 11210 | Gauntlet | Found a transporter.
 11212 | Gauntlet | Found a transporter.
 11212 | Gauntlet | Noticed a death drake
 11220 | Gauntlet | Found a transporter.
 11274 | Gauntlet | Found a transporter.
 11278 | Gauntlet | Found a transporter.
 11282 | Gauntlet | Noticed a glowing orange brain
 11314 | Gauntlet | Found a runed translucent door.
 11346 | Gauntlet | Got a pair of scorched gloves
 11354 | Gauntlet | Identified the +1 pair of gloves "Geghua" {rN+++ MR- Dex-3
                  | SInv} (You found it in a Gauntlet)
 11369 | Gauntlet | Got a translucent plate armour
 11514 | Gauntlet | Identified the +7 falchion "Oskeosch" {elec, rPois rF++ MR+
                  | Str-4}
 11514 | Gauntlet | Identified the ring "Zoal" {rPois MR+ Dex+3}
 11514 | Gauntlet | Noticed a minotaur
 11522 | Gauntlet | Killed a minotaur
 11544 | Gauntlet | Identified the +9 plate armour "Zyocwomn" {rC+ MP+9} (You
                  | found it in a Gauntlet)
 11685 | Lair:3   | Received a gift from Okawaru
 11899 | Lair:3   | Reached XP level 12. HP: 93/93 MP: 17/17
 11939 | Lair:3   | Received a gift from Okawaru
 12124 | Lair:3   | Noticed Sonja
 12139 | Lair:3   | Killed Sonja
 12538 | Lair:4   | Reached skill level 15 in Bows
 12918 | Lair:4   | Found a glowing golden altar of the Shining One.
 13176 | Lair:4   | Noticed an eight-headed hydra
 13180 | Lair:4   | Killed an eight-headed hydra
 14157 | Lair:5   | Noticed a catoblepas
 14168 | Lair:5   | Killed a catoblepas
 14168 | Lair:5   | Received a gift from Okawaru
 14269 | Lair:5   | Reached skill level 16 in Bows
 14335 | Lair:5   | Received a gift from Okawaru
 14483 | Lair:5   | Received a gift from Okawaru
 14484 | Lair:5   | Got an encrusted helmet {god gift}
 14502 | Lair:5   | Identified the +0 helmet "Reeluwuq" {+Fly rC+} (Okawaru
                  | gifted it to you on level 5 of the Lair of Beasts)
 14697 | Lair:5   | Reached XP level 13. HP: 80/103 MP: 19/19
 15160 | Lair:6   | Entered Level 6 of the Lair of Beasts
 15565 | Lair:6   | Received a gift from Okawaru
 15565 | Lair:6   | Reached skill level 17 in Bows
 15593 | Lair:6   | Received a gift from Okawaru
 15604 | Lair:6   | Got a brightly glowing shortbow {god gift}
 15605 | Lair:6   | Identified the +6 shortbow "Kitum" {flame, +Blink Str+3
                  | Dex+6} (Okawaru gifted it to you on level 6 of the Lair of
                  | Beasts)
 15756 | Lair:6   | Reached skill level 10 in Staves
 15915 | Lair:6   | Found a staircase to the Slime Pits.
 16138 | Lair:6   | Received a gift from Okawaru
 16768 | Lair:6   | Reached skill level 18 in Bows
 16798 | Lair:6   | Noticed a fire dragon
 16822 | Lair:6   | Killed a fire dragon
 16822 | Lair:6   | Received a gift from Okawaru
 16822 | Lair:6   | Reached XP level 14. HP: 73/118 MP: 20/20
 16823 | Lair:6   | Got a fine quarterstaff {god gift}
 16824 | Lair:6   | Identified the +10 quarterstaff of Umefoph {crush, rN+}
                  | (Okawaru gifted it to you on level 6 of the Lair of Beasts)
 17160 | D:8      | Upgraded the game from 0.24-a0-235-g3f03afcf10 to
                  | 0.24-a0-244-ga6a6ab7d13
 17213 | D:8      | Killed whodunnit's ghost
 17613 | D:9      | Found a staircase to the Orcish Mines.
 17780 | D:9      | Noticed Grum
 17788 | D:9      | Killed Grum
 18077 | D:9      | Found a burning altar of Makhleb.
 18089 | D:9      | Noticed a cacodemon
 18140 | D:9      | Found Egynu's Antique Weapon Emporium.
 18182 | D:9      | Found a snail-covered altar of Cheibriados.
 18259 | Orc:1    | Entered Level 1 of the Orcish Mines
 18275 | D:9      | Reached skill level 10 in Fighting
 18733 | Orc:2    | Entered Level 2 of the Orcish Mines
 18733 | Orc:2    | Found Beleuxet's Antique Weapon Shoppe.
 18733 | Orc:2    | Noticed an orc warlord
 18811 | Orc:1    | Received a gift from Okawaru
 19202 | Orc:1    | Killed an orc warlord
 19663 | Orc:2    | Found Lomu Qynt's General Store.
 19751 | Orc:2    | Found a staircase to the Elven Halls.
 20005 | Orc:2    | Found Qicloguh's Jewellery Shoppe.
 20025 | Orc:2    | Found Xamen's Antique Armour Boutique.
 20034 | Orc:2    | Bought a faintly glowing chain mail for 256 gold pieces
 20034 | Orc:2    | Bought a spiked chain mail for 256 gold pieces
 20183 | Orc:2    | Bought the ring "Soampud" {Int+7 Slay+3} for 933 gold
                  | pieces
 20355 | Orc:2    | Identified the +1 chain mail of Jisien {rN+} (You bought it
                  | in a shop on level 2 of the Orcish Mines)
 20365 | Orc:2    | Identified the +8 chain mail of the Guardian {+Fly Str+3
                  | Int-4} (You bought it in a shop on level 2 of the Orcish
                  | Mines)
 20475 | D:10     | Entered Level 10 of the Dungeon
 20734 | D:10     | Reached skill level 19 in Bows
 20856 | D:10     | Received a gift from Okawaru
 21284 | D:11     | Noticed Urug
 21298 | D:11     | Killed Urug
 21592 | D:11     | Got a pitted shortbow
 21593 | D:11     | Identified the +9 shortbow "Hyoz Xon" {venom, Stlth+} (You
                  | found it on level 11 of the Dungeon)
 21887 | D:12     | Noticed Nessos
 21899 | D:12     | Killed Nessos
 22035 | D:12     | Got a coiled wooden ring
 22039 | D:12     | Identified the ring "Bigoomad" {rF+ MP+9} (You found it on
                  | level 12 of the Dungeon)
 22337 | D:12     | Found a snail-covered altar of Cheibriados.
 22580 | D:13     | Received a gift from Okawaru
 22768 | D:13     | Noticed Maurice
 22773 | D:13     | Killed Maurice
 22796 | D:13     | Reached XP level 15. HP: 119/128 MP: 18/21
 22854 | D:13     | Noticed Erolcha
 22868 | D:13     | Killed Erolcha
 22921 | D:13     | Received a gift from Okawaru
 23112 | D:13     | Reached skill level 20 in Bows
 23169 | D:13     | Reached skill level 5 in Dodging
 23494 | D:13     | Noticed Jorgrun
 23511 | D:13     | Killed Jorgrun
 23996 | D:14     | Received a gift from Okawaru
 24148 | D:14     | Found a gate to the Vaults.
 24675 | D:15     | Entered Level 15 of the Dungeon
 24699 | D:15     | Found Zerim's Book Shop.
 24716 | D:15     | Found a sacrificial altar of Ru.
 24738 | D:15     | Found Zofaibat's Assorted Antiques.
 24771 | D:15     | Found Evyjut's Book Shoppe.
 24942 | D:15     | Found a staircase to the Depths.
 25649 | Swamp:1  | Entered Level 1 of the Swamp
 25713 | Swamp:1  | Received a gift from Okawaru
 25878 | Swamp:1  | Paralysed by a hornet for 3 turns
 26334 | Swamp:2  | Reached XP level 16. HP: 136/136 MP: 22/22
 26379 | Swamp:2  | Noticed a thorn hunter
 26387 | Swamp:2  | Killed a thorn hunter
 26387 | Swamp:2  | Reached skill level 1 in Evocations
 27334 | Swamp:2  | Received a gift from Okawaru
 27631 | Swamp:3  | Noticed a thorn hunter
 27649 | Swamp:3  | Killed a thorn hunter
 27649 | Swamp:3  | Received a gift from Okawaru
 27649 | Swamp:3  | Reached skill level 5 in Evocations
 28310 | Swamp:3  | Received a gift from Okawaru
 28963 | Swamp:4  | Entered Level 4 of the Swamp
 28998 | Swamp:4  | Reached skill level 10 in Armour
 29045 | Swamp:4  | Noticed Roxanne
 29162 | Swamp:4  | Noticed a thorn hunter
 29175 | Swamp:4  | Killed a thorn hunter
 29273 | Swamp:4  | Noticed a thorn hunter
 29278 | Swamp:4  | Killed a thorn hunter
 29881 | Swamp:4  | Noticed a bone dragon
 29953 | Swamp:4  | Killed a bone dragon
 29998 | Swamp:4  | Reached XP level 17. HP: 68/144 MP: 11/23
 30110 | Swamp:4  | Got a decaying rune of Zot
 30323 | Spider:1 | Entered Level 1 of the Spider Nest
 30328 | Spider:1 | Received a gift from Okawaru
 31914 | Spider:3 | Noticed Louise
 31980 | Spider:3 | Killed Louise
 32008 | Spider:3 | Noticed Donald
 32018 | Spider:3 | Killed Donald
 32182 | Spider:3 | Noticed Bai Suzhen
 32182 | Spider:3 | Noticed Asterion
 32328 | Spider:3 | Received a gift from Okawaru
 32332 | Spider:3 | Got an encrusted lajatang {god gift}
 32333 | Spider:3 | Identified the +1 lajatang "Gamyun" {freeze, Fragile rF+
                  | rC+} (Okawaru gifted it to you on level 3 of the Spider
                  | Nest)
 32914 | Spider:3 | Killed Bai Suzhen
 32914 | Spider:3 | Received a gift from Okawaru
 33037 | Spider:3 | Killed Asterion
 33155 | Spider:3 | Received a gift from Okawaru
 33156 | Spider:3 | Got a shimmering longbow {god gift}
 33157 | Spider:3 | Identified the +6 longbow of Excruciating Pain {speed,
                  | rElec Dex+2} (Okawaru gifted it to you on level 3 of the
                  | Spider Nest)
 33468 | Spider:4 | Entered Level 4 of the Spider Nest
 33468 | Spider:4 | Noticed Arachne
 33480 | Spider:3 | Reached skill level 10 in Evocations
 33587 | Spider:4 | Killed Arachne
 33666 | Spider:4 | Noticed Nikola
 33699 | Spider:4 | Killed Nikola
 33810 | Spider:4 | Reached XP level 18. HP: 150/150 MP: 25/25
 33936 | Spider:4 | Received a gift from Okawaru
 35184 | Spider:4 | HP: 4/151 [demonic crawler (8)]
 35478 | Spider:4 | Got a gossamer rune of Zot
 35777 | Vaults:1 | Entered Level 1 of the Vaults
 35786 | Vaults:1 | Received a gift from Okawaru
 35791 | Vaults:1 | Got a shimmering longbow {god gift}
 35792 | Vaults:1 | Identified the +5 longbow of Midnight {venom, Int+2}
                  | (Okawaru gifted it to you on level 1 of the Vaults)
 36351 | Vaults:1 | Received a gift from Okawaru
 36470 | Vaults:1 | Found a large runed translucent door.
 36470 | Vaults:1 | Found a large runed translucent door.
 36471 | Vaults:1 | Noticed yrara's ghost (adept DsFi)
 36472 | Vaults:1 | Noticed loom's ghost (adept GnSk)
 36969 | Vaults:1 | Received a gift from Okawaru
 37440 | Vaults:2 | Noticed Mara
 37461 | Vaults:2 | Killed Mara
 37461 | Vaults:2 | Reached XP level 19. HP: 143/158 MP: 19/26
 37787 | Vaults:2 | Reached skill level 15 in Armour
 37810 | Vaults:2 | Received a gift from Okawaru
 37894 | Vaults:2 | Noticed a lich
 38125 | Vaults:2 | Received a gift from Okawaru
 38140 | Vaults:2 | Found Temysonn's Gadget Emporium.
 38143 | Vaults:2 | Bought a sack of spiders for 280 gold pieces
 38143 | Vaults:2 | Bought a phantom mirror for 420 gold pieces
 38799 | Vaults:3 | Found Ycecuk's Armour Boutique.
 38886 | Vaults:3 | Found Genach's Antique Weapon Shoppe.
 38904 | Vaults:3 | Found a flickering gateway to a bazaar.
 38916 | Bazaar   | Entered a bazaar
 38916 | Bazaar   | Found Ynkoh's Weapon Boutique.
 38916 | Bazaar   | Found Ademp's Food Boutique.
 38930 | Bazaar   | Found Xoem's Jewellery Emporium.
 38979 | Bazaar   | Found Immituw's Book Shoppe.
 39124 | Vaults:3 | Found a staircase to the Crypt.
 39584 | Vaults:3 | Received a gift from Okawaru
 39692 | Vaults:3 | Received a gift from Okawaru
 40000 | Vaults:3 | Noticed Aizul
 40025 | Vaults:3 | Killed Aizul
 40253 | Vaults:3 | Noticed Mennas
 40292 | Vaults:3 | Killed Mennas
 40812 | Vaults:3 | Reached XP level 20. HP: 163/174 MP: 27/27
 41262 | Vaults:4 | Received a gift from Okawaru
 41927 | Vaults:4 | Received a gift from Okawaru
 42167 | Vaults:4 | Found a runed translucent door.
 42167 | Vaults:4 | Noticed Viusuagh's ghost (adept MiSk)
 42218 | Vaults:4 | Killed Viusuagh's ghost
 42218 | Vaults:4 | Received a gift from Okawaru
 42997 | Elf:1    | Entered Level 1 of the Elven Halls
 43137 | Elf:1    | Reached skill level 15 in Fighting
 43487 | Elf:1    | Received a gift from Okawaru
 43493 | Elf:1    | Got a faintly glowing shortbow {god gift}
 43494 | Elf:1    | Identified the +11 shortbow "Jaxket" {velocity, rPois}
                  | (Okawaru gifted it to you on level 1 of the Elven Halls)
 43808 | Elf:2    | Found a runed translucent gate.
 43808 | Elf:2    | Found a runed translucent gate.
 43808 | Elf:2    | Found a runed translucent gate.
 44000 | Elf:2    | Found Hyabudd's Antique Weapon Shop.
 44657 | Elf:3    | Entered Level 3 of the Elven Halls
 44929 | Elf:3    | Received a gift from Okawaru
 45084 | Elf:3    | Received a gift from Okawaru
 45110 | Elf:3    | Reached XP level 21. HP: 108/188 MP: 23/28
 45335 | Elf:3    | Got a pair of distressingly furry gloves {god gift}
 45346 | Elf:3    | Identified the +1 pair of gloves of the Snail {MR+}
                  | (Okawaru gifted it to you on level 3 of the Elven Halls)
 45409 | Elf:3    | Learned a level 3 spell: Portal Projectile
 45501 | Elf:3    | Got a steaming chain mail
 45512 | Elf:3    | Identified the +0 chain mail "Wumungin" {Dex+6} (You found
                  | it on level 3 of the Elven Halls)
 45525 | Elf:3    | Got a pair of spiked gloves
 45537 | Elf:3    | Identified the +0 pair of gloves of the Well-Known Tales
                  | {rPois rF+ Int+3} (You found it on level 3 of the Elven
                  | Halls)
 45598 | Elf:3    | Learned a level 2 spell: Blink
 45599 | Elf:3    | Got a glittering lead ring
 45600 | Elf:3    | Identified the ring "Ajephat" {rElec rN+ Str+3 Dex-3 SInv}
                  | (You found it on level 3 of the Elven Halls)
 45619 | Elf:3    | Identified the Handbook of Bewitching Clay
 45625 | Elf:3    | Got a steaming amber ring
 45629 | Elf:3    | Identified the ring "Sez Zap" {Wiz rF+ MR+} (You found it
                  | on level 3 of the Elven Halls)
 45677 | Elf:3    | Received a gift from Okawaru
 46441 | Crypt:1  | Entered Level 1 of the Crypt
 46525 | Crypt:1  | Received a gift from Okawaru
 46767 | Crypt:1  | Received a gift from Okawaru
 47510 | Crypt:2  | Noticed Saint Roka
 47512 | Crypt:2  | Reached skill level 1 in Hexes
 47512 | Crypt:2  | Reached skill level 1 in Translocations
 47546 | Crypt:2  | Killed Saint Roka
 48516 | Crypt:2  | Reached skill level 5 in Hexes
 48518 | Crypt:2  | Reached skill level 5 in Translocations
 48782 | Crypt:2  | Received a gift from Okawaru
 49075 | Crypt:2  | Found a runed translucent gate.
 49075 | Crypt:2  | Found a runed translucent gate.
 49075 | Crypt:2  | Noticed Juse Muoturu's ghost (veteran MiBe)
 49077 | Crypt:2  | Found a runed translucent gate.
 49196 | Crypt:3  | Entered Level 3 of the Crypt
 49402 | Crypt:3  | Reached XP level 22. HP: 177/199 MP: 29/29
 49592 | Crypt:3  | Found an ancient bone altar of Kikubaaqudgha.
 49592 | Crypt:3  | Noticed an ancient lich
 49604 | Crypt:3  | Killed an ancient lich
 49650 | Crypt:3  | Identified the Collected Works on Intoxication and the
                  | Blaze
 50087 | Crypt:3  | Received a gift from Okawaru
 50088 | Crypt:3  | Got a fine halberd {god gift}
 50661 | Crypt:3  | Found a staircase to the Tomb.
 50683 | Crypt:3  | Identified Golupn's Grimoire of Igneous Protection
 51063 | Depths:1 | Entered Level 1 of the Depths
 51198 | Depths:1 | Received a gift from Okawaru
 51711 | Depths:1 | Identified the +10 hand axe of Vofi {flame, Int+3}
 51807 | Depths:1 | Identified the +2 dagger "Moaq" {protect, rElec rF- Int+3}
 52528 | Depths:1 | Found a gateway to Hell.
 52813 | Depths:1 | Received a gift from Okawaru
 52827 | Depths:1 | Reached skill level 10 in Dodging
 52833 | Depths:1 | Reached XP level 23. HP: 186/209 MP: 30/30
 53260 | Depths:2 | Found a one-way gate leading to the halls of Pandemonium.
 53664 | Depths:2 | Received a gift from Okawaru
 53841 | Depths:2 | Found a deep blue altar of Sif Muna.
 54196 | Depths:2 | Noticed a caustic shrike
 54209 | Depths:2 | Killed a caustic shrike
 54632 | Depths:2 | Found Diajiem's Armour Shoppe.
 54685 | Depths:2 | Found a white marble altar of Elyvilon.
 54685 | Depths:2 | Found a glowing silver altar of Zin.
 54694 | Depths:2 | Found a glowing golden altar of the Shining One.
 54847 | Depths:2 | Found the +0 pair of fencer's gloves {Riposte Dex+3}
 55189 | Depths:3 | Noticed Xtahua
 55204 | Depths:3 | Killed Xtahua
 55220 | Depths:3 | Received a gift from Okawaru
 55740 | Depths:3 | Received a gift from Okawaru
 55774 | Depths:3 | Found a runed translucent door.
 55776 | Depths:3 | Noticed a caustic shrike
 56684 | Depths:4 | Found a one-way gate to the infinite horrors of the Abyss.
 56697 | Depths:4 | Found a gateway to a ziggurat.
 56784 | Depths:4 | Found Ypiloah's Gadget Shoppe.
 56822 | Depths:4 | Reached skill level 21 in Bows
 57242 | Depths:5 | Entered Level 5 of the Depths
 57256 | Depths:5 | Noticed Margery
 57266 | Depths:4 | Received a gift from Okawaru
 57273 | Depths:5 | Noticed a juggernaut
 57276 | Depths:4 | Reached XP level 24. HP: 147/223 MP: 30/30
 57392 | Depths:4 | Received a gift from Okawaru
 57487 | Depths:4 | Killed Margery
 57487 | Depths:4 | Received a gift from Okawaru
 57505 | Depths:4 | Killed a juggernaut
 57746 | Depths:4 | Received a gift from Okawaru
 58175 | Depths:5 | Reached skill level 22 in Bows
 58334 | Depths:5 | Received a gift from Okawaru
 58335 | Depths:5 | Got a bloodstained chain mail {god gift}
 58336 | Depths:5 | Identified the +3 chain mail of Aqizieh {rElec rF+++ SInv
                  | Stlth-} (Okawaru gifted it to you on level 5 of the Depths)
 58735 | Depths:5 | Found a gate to the Realm of Zot.
 59236 | Vaults:5 | Entered Level 5 of the Vaults
 59254 | Vaults:5 | Reached skill level 23 in Bows
 59721 | Vaults:4 | Reached skill level 24 in Bows
 59951 | Vaults:5 | Received a gift from Okawaru
 60301 | Vaults:5 | Noticed an ancient lich
 60313 | Vaults:5 | Killed an ancient lich
 60624 | Vaults:5 | Found the ring of Robustness {AC+8}
 60863 | Vaults:5 | Reached skill level 25 in Bows
 60863 | Vaults:5 | Reached XP level 25. HP: 130/231 MP: 30/30
 60872 | Vaults:5 | Received a gift from Okawaru
 61180 | Vaults:5 | Got a silver rune of Zot
 61350 | Vaults:5 | Identified the Collected Works on Enthralling Transmutation
 62098 | Vaults:5 | Identified the Guide on Mutagenic Enhancements
 62752 | Orc:2    | Bought the ring "Ocvaussi" {rCorr Str+4 Int-3 Dex+6} for
                  | 583 gold pieces
 62962 | Slime:1  | Entered Level 1 of the Pits of Slime
 62991 | Lair:6   | Received a gift from Okawaru
 63103 | Slime:1  | Gained mutation: You are weak. (Str -2) [a shining eye]
 63120 | Slime:1  | Learned a level 1 spell: Summon Butterflies
 63239 | Slime:2  | Gained mutation: You occasionally shout uncontrollably at
                  | your foes. [a shining eye]
 63284 | Slime:1  | Reached skill level 1 in Summonings
 63294 | Slime:1  | Received a gift from Okawaru
 63476 | Slime:3  | Noticed Dissolution
 63502 | Slime:2  | Killed Dissolution
 63684 | Slime:3  | Reached skill level 15 in Dodging
 64077 | Slime:5  | Entered Level 5 of the Pits of Slime
 64118 | Slime:5  | Received a gift from Okawaru
 64191 | Slime:5  | Received a gift from Okawaru
 64191 | Slime:5  | Reached skill level 5 in Summonings
 64231 | Slime:5  | Gained mutation: Your spells are a little easier to cast,
                  | but a little less powerful. [a shining eye]
 64375 | Slime:5  | Noticed the Royal Jelly
 64382 | Slime:5  | Found a viscous altar of Jiyva.
 64405 | Slime:5  | Killed the Royal Jelly
 64614 | Slime:5  | Found the amulet of Vitality {Regen+ HP+15}
 64664 | Slime:5  | Identified the Handbook of Excruciating Dislocation
 64772 | Slime:5  | Got a slimy rune of Zot
 65977 | Zot:1    | Entered Level 1 of the Realm of Zot
 66068 | Zot:1    | Reached XP level 26. HP: 170/238 MP: 32/32
 66083 | Zot:1    | Learned a level 5 spell: Summon Mana Viper
 66090 | Zot:1    | Learned a level 6 spell: Shadow Creatures
 66377 | Zot:1    | Received a gift from Okawaru
 66378 | Zot:1    | Got an encrusted scale mail {god gift}
 68044 | Zot:2    | Received a gift from Okawaru
 68256 | Zot:2    | Reached skill level 10 in Summonings
 68350 | Zot:2    | Received a gift from Okawaru
 68536 | Zot:2    | Received a gift from Okawaru
 68617 | Zot:2    | Noticed an orb of fire
 68618 | Zot:2    | Gained mutation: You are frail. (-10% HP) [an orb of fire]
 68621 | Zot:2    | Gained mutation: Your body sometimes deteriorates upon
                  | taking damage. [an orb of fire]
 68638 | Zot:2    | Gained mutation: You tend to lose your temper in combat.
                  | [an orb of fire]
 68649 | Zot:2    | Killed an orb of fire
 68781 | Depths:1 | Lost mutation: You are weak. (Str -2) [potion of mutation]
 68781 | Depths:1 | Lost mutation: Your body sometimes deteriorates upon taking
                  | damage. [potion of mutation]
 68781 | Depths:1 | Lost mutation: You are frail. (-10% HP) [potion of
                  | mutation]
 68781 | Depths:1 | Gained mutation: Your muscles are strong. (Str +2) [potion
                  | of mutation]
 68781 | Depths:1 | Gained mutation: You are somewhat resistant to further
                  | mutation. [potion of mutation]
 68781 | Depths:1 | Gained mutation: You expend magic power (3 MP) to
                  | strengthen your wands. [potion of mutation]
 69095 | Zot:2    | HP: 10/239 [quicksilver dragon (12)]
 69099 | Zot:2    | Demolished by a purple draconian monk

Levels and vault maps discovered:
D:1:      dpeg_arrival_tiny_g, layout_loops_ring, minmay_distorted
D:2:      layout_rooms, minmay_strange_pillars, yredelemnul_altar_generic,
          uniq_robin
D:3:      minmay_goblin_kobold_castle, layout_basic,
          chequers_hall_statues_wall_a
D:4:      layout_basic, minmay_temple_entry_large_hall, serial_curves,
          eino_curves_02, eino_curves_01, first_ration
D:5:      layout_basic, chequers_temple_overflow_minitemple
D:6:      layout_gridville, eat_drink_and_be_merry_uskayaw,
          grunt_dithmenos_smoke, nicolae_ossuary_entry_plus, serial_glass,
          glass_columns_c, glass_columns_c, glass_columns_a, glass_columns_a,
          glass_columns_a, glass_columns_a, glass_columns_c, glass_columns_b,
          glass_columns_b, glass_columns_b, basic_altar, minivault_4,
          st_stairs_8
D:7:      layout_rooms, makhleb_grotto_becter, lemuel_round_altar, basic_altar,
          serial_shops, shop, kennysheep_mini, nicolae_shop_trees, shop,
          nicolae_underground_beach
D:8:      layout_basic, david_lair_generic, gammafunk_ghost_necromancy,
          blue_anna_alchemist [blue_anna_fruit_fields, blue_anna_fruit_fields],
          uniq_harold
D:9:      layout_big_octagon, lemuel_coloured_pillars_altar, orc_0_dummy,
          serial_gnoll_camp, gnoll_camp_mini_shop, gnoll_camp_huts_basic,
          gnoll_camp_medium_01, gnoll_camp_mini_loothouse, gnoll_camp_mini_hut,
          grums_kennel, makhleb_altar_promises_db
D:10:     layout_basic, grunt_decor_resistance, serial_bayou_ford_a,
          statue_in_the_mist_lemuel
D:11:     layout_rooms, uniq_urug
D:12:     layout_rooms, basic_altar, minivault_16, nicolae_twisting_strands,
          minmay_misc_feat_secret_circle, uniq_nessos
D:13:     regret_index_wax_grids, layout_loops_cross, uniq_erolcha,
          uniq_jorgrun, uniq_maurice
D:14:     layout_basic, skrybe_vaults_entry_preservation,
          minmay_misc_feat_columns
D:15:     gammafunk_enter_depths_forms, layout_irregular_city, serial_shops,
          shop, shop, shop, basic_altar
Temple:   minmay_temple_bridge_abc
Lair:1:   layout_loops_ring, serial_rivers, chequers_serial_rivers_micro_a,
          chequers_serial_rivers_large_a, chequers_serial_rivers_room_a,
          chequers_serial_rivers_room_b, chequers_serial_rivers_micro_e,
          basic_altar, cheibrodos_lair_caveside_slide
Lair:2:   layout_cave_pods, swamp_mist, spider_nest_entry_funnel_web
Lair:3:   layout_regular_city, gauntlet_entry_generic, beast_lair_carwin_8,
          serial_bayou_shore_a, uniq_sonja
Lair:4:   layout_hall_layers, basic_altar, minmay_lair_oklob_chamber
Lair:5:   layout_cave_pods, grunt_megastairs_3
Lair:6:   guppyfry_lair_end_dragon, layout_gridlike, slime_dummy,
          wad_woods_road_05, lemuel_fruit_tree, infiniplex_staircase_pool
Swamp:1:  layout_basic_swamp, nicolae_swamp_dense_foliage
Swamp:2:  cheibrodos_swamp_mausoleum, layout_basic_swamp, serial_swamp_ruin,
          evilmike_swamp_ruin_house_4, evilmike_swamp_ruin_house_3
Swamp:3:  layout_basic_swamp, hangedman_swamp_pad, swamp_pool1,
          nicolae_swamp_very_dense_foliage
Swamp:4:  swamp_pestilence, layout_basic_swamp, uniq_roxanne
Spider:1: layout_spider_delve, special_room [special_room_bee]
Spider:2: layout_spider_delve
Spider:3: layout_spider_delve, uniq_louise, uniq_donald, uniq_bai_suzhen,
          uniq_asterion
Spider:4: floodkiller_spider_rune_tomb, uniq_arachne, uniq_nikola
Slime:1:  layout_caves
Slime:2:  layout_caves
Slime:3:  layout_caves, dissolution_awaits
Slime:4:  cheibrodos_slime_lost_civilization_10, layout_caves
Slime:5
Orc:1:    layout_caves
Orc:2:    grunt_orc_gardens, layout_caves, grunt_orc_garden, grunt_orc_garden,
          grunt_orc_garden, grunt_orc_garden
Elf:1:    eino_elf_arrival_the_gate, layout_geoelf_grid,
          kennysheep_underground_church
Elf:2:    layout_geoelf_grid, serial_shops, shop, minivault_16,
          nicolae_elf_m_pinch, st_stairs_13, hangedman_elf_simple_split
Elf:3:    elf_hall, layout_gridlike
Vaults:1: advil_vaults_ghost_guards, st_spiral_rooms, vaults_room_door_ring,
          ontoclasm_vaults_eye, vaults_dpeg_diagonal, vaults_room_door_ring,
          hangedman_vaults_variations, ontoclasm_vaults_loading_screen,
          grunt_vaults_swirl, vaults_room_door_ring, vaults_dpeg_spiral,
          v_alt_pattern_5, nicolae_vaults_asterisk,
          nicolae_vaults_diagonal_hallway_7, ontoclasm_vaults_chip,
          hangedman_vaults_cutoff, layout_vaults_maze_snakey
Vaults:2: nicolae_vaults_quadrants, vaults_standard_mumra_x, vaults_room_pools,
          v_rooms_2, nicolae_vaults_angled_halls,
          nicolae_vaults_little_squares_2, nicolae_vaults_specimen_jars,
          vaults_dpeg_ring, nicolae_vaults_little_squares_1, v_misc_12,
          nicolae_vaults_little_squares_1, nicolae_vaults_angled_halls,
          vaults_room_pool, nicolae_vaults_border_crossing,
          ontoclasm_vaults_pinch, nicolae_vaults_little_squares_6,
          layout_vaults_ring, serial_shops, nicolae_shop_behind_doors, uniq_mara
Vaults:3: minmay_crypt_entry_simple_box, vaults_room_boxed,
          ontoclasm_vaults_bender, nicolae_vaults_three_branches,
          nicolae_vaults_little_squares_5, v_pattern_2, ontoclasm_vaults_shout,
          ontoclasm_vaults_fault, nicolae_vaults_shelves_hall,
          grunt_vaults_funnel, layout_vaults_chaotic_city, serial_shops,
          bzr_entry_customers, shop, shop, uniq_mennas, uniq_aizul
Vaults:4: gammafunk_vaults_ghost_grave, vaults_room_stairs_pillars,
          nicolae_vaults_mini_display_case,
          vaults_room_grunt_arrival_checkpoint, grunt_vaults_hallway_short,
          nicolae_vaults_yaktaur_gun_rack, ontoclasm_vaults_ligature,
          layout_vaults_omnigrid
Vaults:5
Crypt:1:  layout_rooms, grunt_crypt_arrival_split
Crypt:2:  layout_gridlike, gammafunk_ghost_spectres, uniq_saint_roka
Crypt:3:  cryptofortress_bobbens
Depths:1: minmay_the_grid_square_5x5_5x5_mashed
          [minmay_the_grid_square_5x5_n_small, minmay_the_grid_square_5x5_comb,
          minmay_the_grid_square_5x5_sharp_hourglass,
          minmay_the_grid_square_5x5_spiral_small,
          minmay_the_grid_square_5x5_checkered,
          minmay_the_grid_square_5x5_detours,
          minmay_the_grid_square_5x5_prize_pseudospiral,
          minmay_the_grid_square_5x5_intrusive_squares,
          minmay_the_grid_square_5x5_prize_waves,
          minmay_the_grid_square_5x5_three,
          minmay_the_grid_square_5x5_two_walls_b,
          minmay_the_grid_square_5x5_shuriken,
          minmay_the_grid_square_5x5_prize_gold,
          minmay_the_grid_square_5x5_bridge, minmay_the_grid_square_5x5_corner,
          minmay_the_grid_square_5x5_fancy_junction,
          minmay_the_grid_square_5x5_prize_deathbox,
          minmay_the_grid_square_5x5_trominoes,
          minmay_the_grid_square_5x5_prize_junk,
          minmay_the_grid_square_5x5_beaten_path,
          minmay_the_grid_square_5x5_misaligned,
          minmay_the_grid_square_5x5_three_walls,
          minmay_the_grid_square_5x5_tetrominoes,
          minmay_the_grid_square_5x5_minibox, minmay_the_grid_square_5x5_fat_x],
          layout_gridlike, hellmouth_1, nrook_mini_vaults,
          serial_sigils_hangedman_scratch, lemuel_old_faithful
Depths:2: hangedman_cross_veins, layout_cave_pools, lightli_too_deep, pan_entry,
          serial_shops, shop, lemuel_crystal_altar, hallowed_hall
Depths:3: minmay_gate_of_8, layout_gridlike, minmay_misc_feat_four_crosses,
          pan_entry, grunt_hell_entry_dis_old, st_stairs_6, uniq_xtahua
Depths:4: kennysheep_six_static_rooms, layout_cave_shapes, enter_ziggurat_b,
          abyss_entry, hangedman_geh_valley, serial_shops,
          nicolae_shop_behind_doors, kennysheep_dice,
          infiniplex_staircase_zigzag_4
Depths:5: grunt_twist_and_shout, layout_basic, minmay_misc_feat_five,
          hell_entry, uniq_margery
Zot:1:    layout_concentric_octagons
Zot:2:    kennysheep_bubbly, layout_twisted_circle, evilmike_ambush
          [evilmike_ambush_outer_doors, evilmike_ambush_inner_pond]
Bazaar:   bazaar_jpeg_ribbon
Ossuary:  ossuary_tomb_1
Gauntlet: minmay_gauntlet_mixed_oops_all_seconds
          [minmay_gauntlet_arena_77_double_cross,
          nicolae_gauntlet_arena_quarters, minmay_gauntlet_arena_77_cramped,
          gammafunk_gauntlet_arena_spirals, minmay_gauntlet_arena_77_run_for_it,
          nicolae_gauntlet_arena_blocks, gauntlet_exit_watery]

Skill      XL: |  1  2  3  4  5  6  7  8  9 10 11 12 13 14 15 16 17 18 19 20 21 22 23 24 25 26 |
---------------+-------------------------------------------------------------------------------+-----
Bows           | 6 7 8 10 11 13 14 16 18 19 20 21 25 | 25.7
Fighting       | 3 4 5 6 9 11 14 16 17 18 19 20 | 20.0
Armour         | 2 4 6 9 10 12 14 15 17 | 17.6
Staves         | 2 6 9 10 11 12 13 14 | 14.0
Invocations    | 7 8 |  8.0
Dodging        | 3 8 10 12 13 15 | 15.0
Evocations     | 7 10 12 14 | 14.3
Hexes          | 6 8 |  8.3
Translocations | 6 8 |  8.3
Summonings     | 6 10 | 10.8
Stealth        | |  0.4

Action                   |  1- 3 |  4- 6 |  7- 9 | 10-12 | 13-15 | 16-18 | 19-21 | 22-24 | 25-27 || total
-------------------------+-------+-------+-------+-------+-------+-------+-------+-------+-------++-------
Melee: Short sword       |    87 |    39 |       |       |       |       |       |       |       ||   126
       Kick              |    11 |    12 |    69 |    54 |    34 |   150 |    49 |   264 |   125 ||   768
       Quarterstaff      |       |    29 |   193 |       |     8 |       |       |       |       ||   230
       Morningstar       |       |    12 |       |       |       |       |       |       |       ||    12
       Lajatang          |       |       |    71 |   133 |    72 |   317 |   136 |   537 |   186 ||  1452
 Fire: Shortbow          |    20 |   214 |   180 |    84 |  1144 |  1142 |   174 |       |       ||  2958
       Blowgun           |       |       |     5 |       |       |       |       |       |       ||     5
       Longbow           |       |       |       |   435 |   639 |   941 |  2007 |  1695 |  1012 ||  6729
Throw: Throwing net      |       |       |       |     2 |       |       |       |       |       ||     2
 Cast: Portal Projectile |       |       |       |       |       |       |       |     1 |    10 ||    11
       Blink             |       |       |       |       |       |       |       |     1 |    10 ||    11
       Summon Butterflie |       |       |       |       |       |       |       |       |    10 ||    10
Invok: Heroism           |       |       |       |     5 |     1 |     4 |     7 |     6 |     5 ||    28
       Finesse           |       |       |       |     1 |     1 |     4 |     6 |     5 |     6 ||    23
 Abil: Evoke Blink       |       |       |       |       |       |     1 |       |       |       ||     1
       Stop Flying       |       |       |       |       |       |       |       |     1 |       ||     1
       Evoke Flight      |       |       |       |       |       |       |       |     1 |       ||     1
Evoke: Lamp of fire      |       |       |       |       |     1 |       |     4 |     1 |     2 ||     8
       Wand              |       |       |       |       |       |     1 |     6 |     1 |    18 ||    26
       Sack of spiders   |       |       |       |       |       |       |     1 |       |       ||     1
       Lightning rod     |       |       |       |       |       |       |     2 |       |     4 ||     6
       Fan of gales      |       |       |       |       |       |       |       |     1 |     1 ||     2
       Phial of floods   |       |       |       |       |       |       |       |       |     1 ||     1
  Use: Scroll            |       |    10 |     7 |    13 |     7 |    10 |    15 |     8 |     9 ||    79
       Potion            |       |       |       |     3 |       |     8 |     2 |       |     9 ||    22
  Eat: Chunk             |       |     6 |     9 |     5 |    22 |    12 |    18 |    12 |     8 ||    92
       Ration            |       |     1 |       |     3 |     2 |     4 |     3 |     5 |     4 ||    22
Armor: Ring mail         |    53 |    74 |       |       |       |       |       |       |       ||   127
       Leather armour    |     5 |       |       |       |       |       |       |       |       ||     5
       Chain mail        |     1 |     6 |   262 |   325 |   521 |  1001 |   527 |   720 |   368 ||  3731
Dodge: Dodged            |    47 |    95 |    79 |    49 |   130 |   469 |   257 |   393 |   304 ||  1823
       Rpst.: Lajatang   |       |       |       |       |       |       |       |    24 |    30 ||    54
       Longbow           |       |       |       |       |       |       |       |     6 |    26 ||    32

Table legend:
 A = Non-vault XP
 B = Vault XP
 C = Vault XP percentage of total XP
 D = Non-vault monster count
 E = Vault monster count
 F = Vault count percentage of total count
                 A         B        C        D         E       F
            +---------+---------+-------+---------+---------+-------
      Total |  739153 |  705373 |  48.8 |    1525 |     968 |  38.8
            +---------+---------+-------+---------+---------+-------
        D:1 |      45 |       3 |   6.2 |      28 |       2 |   6.7
        D:2 |     127 |      35 |  21.6 |      39 |      12 |  23.5
        D:3 |      33 |     474 |  93.5 |      13 |      55 |  80.9
        D:4 |     294 |       0 |   0.0 |      11 |       0 |   0.0
        D:5 |     697 |       0 |   0.0 |      22 |       0 |   0.0
        D:6 |    1183 |       0 |   0.0 |      20 |       0 |   0.0
        D:7 |    1379 |      11 |   0.8 |      14 |       1 |   6.7
        D:8 |    2824 |    2599 |  47.9 |      27 |      10 |  27.0
        D:9 |    1608 |    1303 |  44.8 |      33 |      37 |  52.9
       D:10 |    3605 |       0 |   0.0 |      34 |       0 |   0.0
       D:11 |    2692 |     859 |  24.2 |      36 |       1 |   2.7
       D:12 |    5049 |    1701 |  25.2 |      26 |       2 |   7.1
       D:13 |    9947 |   14711 |  59.7 |      23 |      52 |  69.3
       D:14 |   10257 |    3954 |  27.8 |      32 |       9 |  22.0
       D:15 |    5262 |    4185 |  44.3 |      13 |       9 |  40.9
     Lair:1 |    3448 |       0 |   0.0 |      19 |       0 |   0.0
     Lair:2 |    5530 |     301 |   5.2 |      21 |       1 |   4.5
     Lair:3 |    2727 |    1893 |  41.0 |      16 |       8 |  33.3
     Lair:4 |    4928 |    2865 |  36.8 |      18 |       8 |  30.8
     Lair:5 |    8889 |     411 |   4.4 |      25 |       1 |   3.8
     Lair:6 |   27134 |    3550 |  11.6 |      49 |      13 |  21.0
    Swamp:1 |    6445 |       0 |   0.0 |      17 |       0 |   0.0
    Swamp:2 |   11184 |   10983 |  49.5 |      25 |      38 |  60.3
    Swamp:3 |   19294 |       0 |   0.0 |      45 |       0 |   0.0
    Swamp:4 |   10312 |   12663 |  55.1 |      21 |      39 |  65.0
   Spider:1 |   10030 |    2456 |  19.7 |      26 |      24 |  48.0
   Spider:2 |   14364 |       0 |   0.0 |      41 |       0 |   0.0
   Spider:3 |   18882 |   11904 |  38.7 |      43 |       4 |   8.5
   Spider:4 |   12593 |   42501 |  77.1 |      37 |      72 |  66.1
    Slime:1 |   10841 |       0 |   0.0 |      23 |       0 |   0.0
    Slime:2 |   16735 |   13016 |  43.7 |      23 |       1 |   4.2
    Slime:3 |    5656 |       0 |   0.0 |       7 |       0 |   0.0
    Slime:4 |    5591 |       0 |   0.0 |       9 |       0 |   0.0
    Slime:5 |   13758 |   31595 |  69.7 |      33 |      14 |  29.8
      Orc:1 |    2099 |    4733 |  69.3 |      38 |       9 |  19.1
      Orc:2 |    1929 |    5255 |  73.1 |      30 |      17 |  36.2
      Elf:1 |   16116 |    6098 |  27.5 |      26 |      10 |  27.8
      Elf:2 |   19149 |    3121 |  14.0 |      31 |       4 |  11.4
      Elf:3 |   14540 |   47190 |  76.4 |      23 |      32 |  58.2
   Vaults:1 |   18695 |   22946 |  55.1 |      32 |      48 |  60.0
   Vaults:2 |   22323 |   23292 |  51.1 |      33 |      23 |  41.1
   Vaults:3 |   33640 |   32507 |  49.1 |      50 |      36 |  41.9
   Vaults:4 |   22284 |   19222 |  46.3 |      40 |      12 |  23.1
   Vaults:5 |   37876 |  117826 |  75.7 |      50 |      80 |  61.5
    Crypt:1 |   21715 |       0 |   0.0 |      49 |       0 |   0.0
    Crypt:2 |   46978 |    5634 |  10.7 |      50 |      13 |  20.6
    Crypt:3 |       0 |   65075 | 100.0 |       0 |      92 | 100.0
   Depths:1 |   34218 |   53773 |  61.1 |      43 |      48 |  52.7
   Depths:2 |   29119 |   36948 |  55.9 |      41 |      25 |  37.9
   Depths:3 |   12297 |    5868 |  32.3 |      12 |       2 |  14.3
   Depths:4 |   50603 |   24987 |  33.1 |      45 |      17 |  27.4
   Depths:5 |   12729 |   21037 |  62.3 |      12 |      15 |  55.6
      Zot:1 |   39162 |       0 |   0.0 |      22 |       0 |   0.0
      Zot:2 |   50338 |   43446 |  46.3 |      29 |      28 |  49.1
    Ossuary |       0 |     166 | 100.0 |       0 |      38 | 100.0
   Gauntlet |       0 |    2276 | 100.0 |       0 |       6 | 100.0
            +---------+---------+-------+---------+---------+-------
